Get step-by-step instructions on how to execute this build order below. Start the game timer, and the build order will tick by so you can play in parallel with StarCraft on a second screen or mobile device.

Game Time

  0:00

Last Step

  N/A

Next Step

Upcoming Step



Don't want to look back and forth between 2 screens? Try out our Overwolf App, the Spawning Tool Build Advisor to get an in-game overlay with this build!

Complete Build Order

  12  0:00  Probe  
  13  0:12  Probe  
  14  0:19  Pylon  
  14  0:24  Probe  
  15  0:37  Probe (Chrono Boost)  
  15  0:39  Gateway  
  16  0:49  Assimilator, Probe (Chrono Boost)  
  17  0:55  Probe (Chrono Boost)  
  18  1:03  Probe  
  19  1:09  Assimilator  
  19  1:15  Probe  
  20  1:18  Gateway  
  20  1:28  Cybernetics Core  
  20  1:34  Pylon  
  20  1:40  Probe  
  21  1:52  Probe  
  22  2:02  Pylon  
  22  2:04  Stalker (Chrono Boost), Probe  
  22  2:08  Stalker (Chrono Boost)  
  25  2:12  Warp Gate  
  26  2:19  Probe  
  27  2:32  Stalker  
  29  2:52  Nexus  
  29  3:01  Probe, Pylon  
  30  3:24  Stalker x2  
  32  3:54  Probe  
  31  3:58  Stargate  
  31  4:04  Probe (Chrono Boost)  
  31  4:05  Stalker  
  31  4:08  Probe (Chrono Boost), Stalker  
  37  4:16  Probe (Chrono Boost)  
  38  4:24  Probe x2 (Chrono Boost)  
  40  4:30  Probe x2  
  42  4:42  Probe  
  42  4:43  Probe  
  44  4:54  Probe  
  44  4:55  Probe  
  44  4:58  Oracle (Chrono Boost), Pylon  
  44  4:59  Pylon  
  46  5:01  Twilight Council  
  46  5:06  Probe  
  50  5:07  Probe  
  49  5:25  Pylon  
  49  5:26  Stalker x2  
  49  5:27  Pylon  
  53  5:37  Blink (Chrono Boost)  
  53  5:38  Void Ray (Chrono Boost)  
  53  5:40  Probe x2  
  59  5:52  Probe  
  57  6:03  Robotics Facility, Probe  
  57  6:04  Probe  
  59  6:07  Assimilator  
  59  6:08  Assimilator  
  59  6:15  Probe  
  59  6:16  Probe  
  61  6:24  Nexus  
  61  6:25  Robotics Facility  
  61  6:27  Probe  
  61  6:28  Probe  
  61  6:30  Pylon, Stalker  
  65  6:39  Probe  
  66  6:40  Probe  
  67  6:50  Forge  
  67  6:51  Probe  
  67  6:52  Gateway  
  68  6:57  Robotics Bay  
  68  6:59  Immortal  
  72  7:06  Stalker x2  
  76  7:17  Pylon  
  76  7:21  Probe  
  77  7:30  Immortal  
  77  7:32  Protoss Ground Weapons Level 1 (Chrono Boost)  
  77  7:35  Probe x2  
  83  7:38  Observer  
  83  7:42  Photon Cannon  
  83  7:43  Stalker x2  
  88  7:48  Probe x3  
  91  7:51  Assimilator  
  91  7:52  Assimilator  
  85  8:07  Disruptor  
  85  8:09  Disruptor  
  88  8:40  Stalker x3  
  94  8:44  Probe x2  
  94  8:45  Probe  
  97  8:53  Photon Cannon  
  97  8:56  Probe  
  97  8:57  Probe x2  
  100  9:08  Probe  
  100  9:09  Probe x2  
  103  9:14  Photon Cannon  
  103  9:15  Photon Cannon, Shield Battery  
  103  9:16  Protoss Ground Armor Level 1 (Chrono Boost)  
  103  9:18  Immortal  
  103  9:19  Warp Prism  
  103  9:21  Probe x3  
  112  9:33  Probe x3  
  115  9:45  Probe  
  116  9:47  Pylon  
  113  10:01  Immortal x2  
  113  10:03  Nexus  
  121  10:07  Pylon  
  121  10:09  Pylon  
  121  10:10  Robotics Bay  
  121  10:12  Pylon  
  121  10:13  Pylon  
  121  10:15  Assimilator  
  121  10:19  Pylon  
  121  10:22  Assimilator  
  121  10:27  Pylon  
  121  10:29  Pylon  
  121  10:34  Gateway  
  121  10:35  Gateway  
  121  10:37  Gateway  
  121  10:38  Gateway  
  121  10:40  Immortal (Chrono Boost)  
  121  10:41  Observer  
  121  10:42  Robotics Facility  
  126  10:52  Stalker x3  
  132  11:03  Observer (Chrono Boost)  
  133  11:06  Nexus  
  133  11:08  Protoss Ground Weapons Level 2 (Chrono Boost)  
  133  11:11  Probe x3  
  133  11:16  Disruptor (Chrono Boost), Pylon  
  136  11:20  Disruptor (Chrono Boost)  
  136  11:23  Probe x2  
  144  11:33  Gravitic Boosters  
  144  11:39  Observer  
  145  11:45  Disruptor, Stalker x4  
  157  11:48  Disruptor  
  161  11:58  Zealot x3  
  161  12:00  Disruptor, Charge  
  171  12:05  Forge  
  162  12:26  Stalker  
  164  12:30  Gravitic Drive  
  150  12:52  Stalker x3  
  156  13:00  Nexus  
  116  13:53  Stalker  
  116  13:54  Stalker x4  
  106  14:09  Stalker x2  
  84  14:13  Probe x4  
  82  14:22  Zealot x5  
  92  14:25  Probe x2  
  92  14:26  Probe x2